 Dungeon Crawl Stone Soup version 0.25.0-46-gbd7b0854d2 (webtiles) character file.

Game seed: 12956422424392282390

7219 Ethylacetat the Zephyrmancer (level 11, -7/79 (81) HPs)
             Began as an Octopode Air Elementalist on July 15, 2020.
             Was a Priest of Vehumet.
             Mangled by a troll (10 damage)
             ... on level 10 of the Dungeon.
             The game lasted 00:40:25 (13562 turns).

Ethylacetat the Zephyrmancer (OpAE)                Turns: 13562, Time: 00:40:26

HP:   -7/79 (81)    AC: 25    Str:  7 (10) XL:     11   Next: 11%
MP:   11/21         EV:  2    Int: 18 (20) God:    Vehumet [***...]
Gold: 502           SH:  0    Dex: 17 (19) Spells: 14/24 levels left

rFire    . . .     SeeInvis .   s - +2 dagger (protect)
rCold    + . .     Gourm    .   (no shield)
rNeg     + + +     Faith    .   (helmet currently unavailable)
rPois    +         Spirit   .   (no amulet)
rElec    .         Reflect  .   H - ring of protection from cold
rCorr    .         Harm     .   e - +6 ring of dexterity
MR       .....     NoTele   +   (no ring)
Stlth    ++........             (no ring)
HPRegen  0.23/turn              (no ring)
MPRegen  0.17/turn              (no ring)
                                (no ring)
                                (no ring)

@: tree-form, berserk cooldown
A: almost no armour, stealthy swim, (amphibious), 8 rings, (constrict 8), frail
1, strong 1
a: Renounce Religion


You were on level 10 of the Dungeon.
You worshipped Vehumet.
Vehumet was most pleased with you.
You were very hungry.
You were a tree.
You visited 2 branches of the dungeon, and saw 11 of its levels.
You also visited: Sewer.

You collected 502 gold pieces.

Inventory:

Hand Weapons
 s - a +2 dagger of protection (weapon)
Missiles
 w - 2 throwing nets (quivered)
Magical Staves
 D - an uncursed staff of poison
Jewellery
 e - a +6 ring of dexterity (right branch)
 H - a ring of protection from cold (left branch)
Wands
 y - a wand of polymorph (4)
Scrolls
 c - 2 scrolls of fog {unknown}
 d - 5 scrolls of remove curse
 i - 7 scrolls of identify
 j - 5 scrolls of immolation
 k - a scroll of magic mapping {unknown}
 m - 10 scrolls of teleportation {unknown}
 p - 2 scrolls of fear {unknown}
 r - 3 scrolls of blinking {unknown}
 u - 2 scrolls of enchant weapon {unknown}
 v - a scroll of noise {unknown}
 A - 2 scrolls of enchant armour {unknown}
Potions
 a - a potion of heal wounds {unknown}
 f - a potion of ambrosia {unknown}
 g - 7 potions of curing {unknown}
 h - 3 potions of haste {unknown}
 l - a potion of invisibility {unknown}
 n - 3 potions of magic {unknown}
 o - a potion of flight
 q - a potion of might {unknown}
 t - a potion of brilliance {unknown}
 x - 2 potions of lignification
Comestibles
 b - 23 rations


   Skills:
 - Level 2.0 Dodging
 - Level 2.6 Stealth
 + Level 7.1 Spellcasting
 * Level 10.6 Conjurations
 * Level 11.0 Air Magic


You had 14 spell levels left.
You knew the following spells:

 Your Spells              Type           Power        Failure   Level  Hunger
a - Shock                 Conj/Air       ####         1%          1    None
b - Airstrike             Air            #####.....   1%          4    ####...
c - Lightning Bolt        Conj/Air       #####.....   1%          5    #####..

Your spell library contained the following spells:

 Spells                   Type           Power        Failure   Level  Hunger
 Ignite Poison            Fire/Tmut/Pois #.......     9%          3    ##.....
 Foxfire                  Conj/Fire      ####         1%          1    None
 Swiftness                Chrm/Air       ####....     1%          2    None
 Conjure Flame            Conj/Fire      ####....     1%          3    ##.....
 Static Discharge         Conj/Air       #####...     1%          3    ##.....
 Sticky Flame             Conj/Fire      ####....     3%          4    ####...
 Inner Flame              Hex/Fire       #.......     9%          3    ##.....
 Fireball                 Conj/Fire      ####......   9%          5    #####..


Dungeon Overview and Level Annotations

Branches:
Dungeon (10/15)            Temple (1/1) D:4            Lair (0/6) D:8
  Sewer (visited)
    Orc: D:9-12

Altars:
Dithmenos
Gozag
Hepliaklqana
Nemelex Xobeh
Sif Muna
Trog
Uskayaw
Vehumet
Wu Jian
Xom
Yredelemnul
Zin
The Shining One

Shops:
D:6 (

Annotations:
D:3 2 transporters, Descartes's ghost, weakling FeWr


Innate Abilities, Weirdness & Mutations

You cannot wear most types of armour.
You are very stealthy in the water. (Stealth+)
((You are amphibious.))
You can wear up to eight rings at the same time.
((You can use your tentacles to constrict eight enemies at once.))
((Your skin changes colour to match your surroundings (Stealth+).))
((Your rubbery body absorbs attacks. (AC +1, EV +1)))
You are frail. (-10% HP)
Your muscles are strong. (Str +2)


Message History

You feel frail.
You feel stronger. The troll bites you but does no damage.
The troll claws you but does no damage. x2
A hound comes into view.
The troll bites you but does no damage.
The troll claws you but does no damage. x2
It was a potion of cancellation.
Your magical effects are unravelling.
You feel magically purged.
You feel less wooden.
You feel yourself speed up. The troll closely misses you. The troll claws you!
* * * LOW HITPOINT WARNING * * *
The troll barely misses you.
Really quaff the potion of lignification?
You turn into a tree.
Your roots penetrate the ground.
The troll bites you.
* * * LOW HITPOINT WARNING * * *
The troll claws you!
* * * LOW HITPOINT WARNING * * *
The troll claws you but does no damage.
Okay, then.
It was a potion of flight.
Your roots keep you in place.
The troll bites you!
You die...

....##.)## #...#....
#........#### #<.....#
#...........###.....##
#..###.....yy..y....#
.. #..####..y........
. #.y# ###...(.....
#yO# #..##..... ##T#
#<.# ...## #♣# ..##
#..# #..# ..# ... #h.#
.## ...# ...# #....
..... ......


You could see a two-headed ogre, a troll, a hound and 2 killer bees.

Vanquished Creatures
  2 two-headed ogres
  Pikel (D:6)
  Maggie (D:6)
  Grinder (D:4)
  Eustachio (D:6)
  Edmund (D:4)
  2 orc warriors
  2 sky beasts
  2 ice beasts
  2 slaves (D:6)
  2 black bears
  4 ogres
  A necrophage (D:5)
  A phantom (D:9)
  2 centaurs
  3 big kobolds (Sewer)
  6 bullfrogs
  Blork the orc (D:4)
  A wyvern zombie (D:6)
  5 scorpions
  A wyvern skeleton (D:9)
  8 killer bees
  7 wights
  8 howler monkeys
  3 crimson imps
  A bullfrog zombie (D:7)
  A quasit (D:9)
  4 centaur skeletons
  A gnoll shaman (D:5)
  6 hounds
  4 orc priests
  4 orc wizards
  4 iguanas
  6 worker ants
  A worker ant zombie (D:9)
  19 gnolls
  A howler monkey skeleton (D:8)
  A river rat (D:3)
  11 adders
  3 shadow imps
  An ooze (D:7)
  An adder zombie (D:8)
  3 worms
  A dart slug (D:3)
  2 leopard geckos
  16 orcs
  4 giant cockroaches
  8 goblins
  4 hobgoblins
  7 jackals
  2 quokkas
  3 ball pythons
  4 bats
  6 frilled lizards
  A jackal skeleton (D:9)
  8 kobolds
  A quokka skeleton (D:5)
  13 rats
220 creatures vanquished.

Vanquished Creatures (others)
  A hound (D:6)
  A centaur skeleton (D:7)
2 creatures vanquished.

Grand Total: 222 creatures vanquished

Notes
Turn   | Place    | Note
-------+----------+-------------------------------------------
     0 | D:1      | Ethylacetat the Octopode Air Elementalist began the quest
                  | for the Orb.
     0 | D:1      | Reached XP level 1. HP: 11/11 MP: 3/3
   473 | D:1      | Reached XP level 2. HP: 17/17 MP: 5/5
  1141 | D:2      | Reached XP level 3. HP: 21/21 MP: 1/6
  1653 | D:2      | Reached XP level 4. HP: 23/27 MP: 1/7
  1940 | D:2      | Reached skill level 4 in Air Magic
  2552 | D:3      | Found a transporter.
  2557 | D:3      | Noticed Descartes's ghost (weakling FeWr)
  2570 | D:3      | Found a transporter.
  2801 | D:3      | Reached XP level 5. HP: 31/31 MP: 6/9
  2814 | D:3      | Found a bloodstained altar of Trog.
  2818 | D:3      | Found a shadowy altar of Dithmenos.
  2823 | D:3      | Found a glowing drain.
  2847 | Sewer    | Entered a sewer
  3065 | Sewer    | Noticed a big kobold
  3086 | Sewer    | Killed a big kobold
  3300 | Sewer    | Noticed a big kobold
  3500 | Sewer    | Killed a big kobold
  3500 | Sewer    | Reached XP level 6. HP: 26/36 MP: 1/10
  3829 | Sewer    | Reached skill level 5 in Air Magic
  4388 | D:4      | Noticed Grinder
  4401 | D:4      | Killed Grinder
  4401 | D:4      | Reached XP level 7. HP: 15/41 MP: 2/12
  4719 | D:4      | Reached skill level 5 in Conjurations
  5046 | D:4      | Found a staircase to the Ecumenical Temple.
  5054 | Temple   | Entered the Ecumenical Temple
  5092 | Temple   | Became a worshipper of Vehumet
  5135 | D:4      | Noticed Blork the orc
  5148 | D:4      | Killed Blork the orc
  5148 | D:4      | Reached skill level 6 in Air Magic
  5336 | D:4      | Noticed Edmund
  5585 | D:4      | Found a shimmering blue altar of Sif Muna.
  5682 | D:4      | Learned a level 4 spell: Airstrike
  5692 | D:4      | Killed Edmund
  5692 | D:4      | Reached XP level 8. HP: 10/46 MP: 5/14
  6339 | D:5      | Entered Level 5 of the Dungeon
  6863 | D:5      | Reached skill level 7 in Air Magic
  7775 | D:6      | Reached XP level 9. HP: 36/50 MP: 5/16
  7890 | D:6      | Found Juhicen's Antique Weapon Emporium.
  7903 | D:6      | Noticed an angel
  7905 | D:6      | Found a glowing silver altar of Zin.
  8130 | D:6      | Reached * piety under Vehumet
  8130 | D:6      | Offered knowledge of Sandblast by Vehumet.
  8130 | D:6      | Reached skill level 5 in Spellcasting
  8293 | D:6      | Noticed Pikel
  8307 | D:6      | Noticed Eustachio
  8330 | D:6      | Reached skill level 8 in Air Magic
  8336 | D:6      | Killed Eustachio
  8562 | D:6      | Killed Pikel
  8774 | D:6      | Noticed Maggie
  8783 | D:6      | Killed Maggie
  9083 | D:6      | Reached skill level 9 in Air Magic
  9489 | D:7      | Reached XP level 10. HP: 51/55 MP: 14/18
  9866 | D:7      | Reached ** piety under Vehumet
  9869 | D:7      | Offered knowledge of Foxfire by Vehumet.
 10309 | D:7      | Found a hide-covered altar of Uskayaw.
 10484 | D:7      | Learned a level 5 spell: Lightning Bolt
 11488 | D:8      | Reached skill level 10 in Air Magic
 11695 | D:8      | Found a staircase to the Lair.
 12031 | D:9      | Offered knowledge of Ignite Poison by Vehumet.
 12279 | D:9      | Reached *** piety under Vehumet
 12395 | D:9      | Noticed a two-headed ogre
 12400 | D:9      | Killed a two-headed ogre
 12400 | D:9      | Reached skill level 10 in Conjurations
 13294 | D:10     | Entered Level 10 of the Dungeon
 13301 | D:10     | Noticed a two-headed ogre
 13307 | D:10     | Killed a two-headed ogre
 13307 | D:10     | Reached XP level 11. HP: 60/60 MP: 2/21
 13511 | D:10     | Reached skill level 11 in Air Magic
 13539 | D:10     | Noticed a two-headed ogre
 13559 | D:10     | Gained mutation: You are frail. (-10% HP) [potion of
                  | mutation]
 13559 | D:10     | Gained mutation: Your muscles are strong. (Str +2) [potion
                  | of mutation]
 13561 | D:10     | HP: 3/79 [troll (7)]
 13562 | D:10     | Mangled by a troll

Illustrated notes

Levels and vault maps discovered:
D:1:      doesnt_arrival_eight_statues, layout_loops_ring
D:2:      layout_basic, first_ration
D:3:      layout_basic, old_standard_altar,
          nicolae_dithmenos_through_a_glass_darkly, portal_sewer_entry_a,
          gammafunk_ghost_stat_death
D:4:      layout_basic, overflow_temple_1_default, minmay_temple_entry_mist,
          uniq_blork_the_orc, uniq_grinder, uniq_edmund
D:5:      cheibrodos_helix_gallery, layout_loops_corners, st_stairs_6
D:6:      layout_rooms, zin_angel, serial_shops, shop_fountains, uniq_pikel,
          uniq_eustachio, uniq_maggie
D:7:      layout_loops_ring, lemuel_doored_altar, serial_bayou,
          serial_bayou_pond_d, serial_bayou_pond_e, serial_bayou_pond_d,
          serial_bayou_ford_a, minmay_misc_feat_cross, grunt_ogre_cave
D:8:      layout_cave_pools, lair_entry_dummy
D:9:      gammafunk_jiyva_shrine, layout_basic, serial_shops,
          nicolae_shop_window_shopping, lemuel_another_geyser
D:10:     layout_layer_cave, basic_altar, nrook_mini_backslash,
          minmay_chambers_of_fives
Temple:   minmay_crystal_spiral_temple

Skill      XL: |  1  2  3  4  5  6  7  8  9 10 11 |
---------------+----------------------------------+-----
Conjurations   | 2 3 4 5 7 8 10 | 10.6
Air Magic      | 4 5 6 7 9 10 11 | 11.0
Spellcasting   | 3 4 5 7 |  7.1
Dodging        | |  2.0
Stealth        | |  2.6

Action                   |  1- 3 |  4- 6 |  7- 9 | 10-12 || total
-------------------------+-------+-------+-------+-------++-------
Melee: Dagger            |    41 |    85 |    72 |    82 ||   280
       Constrict         |    11 |    21 |    11 |    10 ||    53
       Unarmed           |     4 |       |       |       ||     4
       Tentacles         |     4 |    14 |    17 |    14 ||    49
       Staff             |       |       |       |     1 ||     1
Throw: Dart              |       |     1 |       |       ||     1
 Cast: Shock             |    26 |    60 |   154 |    60 ||   300
       Airstrike         |       |       |    17 |    69 ||    86
       Lightning Bolt    |       |       |       |    14 ||    14
  Use: Scroll            |       |       |     3 |       ||     3
       Potion            |       |       |       |     8 ||     8
 Stab: Sleeping          |     7 |     5 |       |     2 ||    14
  Eat: Chunk             |     2 |     9 |    15 |    20 ||    46
       Ration            |       |       |     1 |     1 ||     2
Armor: Skin              |     7 |    10 |    21 |   113 ||   151
Dodge: Dodged            |    33 |    62 |    86 |    54 ||   235
